 Dungeon Crawl Stone Soup version 0.30-a0-778-g2ef04afb54 (webtiles) character file.

Game seed: 14399748821332750188

51 Aneyh the Trooper (level 3, 0/24 HPs)
             Began as a Tengu Monk on Feb 17, 2023.
             Slain by Terence
             ... wielding a +0 mace
              (7 damage)
             ... on level 2 of the Dungeon.
             The game lasted 00:01:57 (1116 turns).

Aneyh the Trooper (Tengu Monk)                      Turns: 1116, Time: 00:01:58

Health: 0/24       AC:  2    Str: 13    XL:     3   Next: 83%
Magic:  4/4        EV: 13    Int: 10    God:
Gold:   69         SH:  0    Dex: 16    Spells: 2/2 levels left

rFire   . . .      SeeInvis .    a - +0 spear
rCold   . . .      Faith    .    (no shield)
rNeg    . . .      Spirit   .    b - +0 robe
rPois   .          Reflect  .    (helmet restricted)
rElec   .          Harm     .    (no cloak)
rCorr   .          Rampage  .    (no gloves)
Will    .....                    (boots unavailable)
Stlth   +                        (no amulet)
HPRegen 0.24/turn                (no ring)
MPRegen 0.09/turn                (no ring)

@: confused, ambrosia-drunk
A: beak, talons 3
a: no special abilities


You were on level 2 of the Dungeon.
You visited 1 branch of the dungeon, and saw 2 of its levels.

You collected 69 gold pieces.

Inventory:

Hand Weapons
 a - a +0 spear (weapon)
Missiles
 g - a poisoned dart (quivered)
Armour
 b - a +0 robe (worn)
Scrolls
 d - 3 scrolls of identify {unknown}
Potions
 e - 3 potions of haste {unknown}
 f - a potion of curing {unknown}
 h - 2 potions of mutation {unknown}


   Skills:
 + Level 4.6 Fighting
 - Level 3.2 Polearms
 - Level 3.2 Dodging
 - Level 2.0 Stealth


You had 2 spell levels left.
You didn't know any spells.
Your spell library was empty.

Dungeon Overview and Level Annotations

Branches:
Dungeon (2/15)

Altars:

Annotations:
D:2 Terence


Innate Abilities, Weirdness & Mutations

You have a beak for a mouth.
You have claws for feet.


Message History

You see here a +0 helmet.
You see here 3 stones.
Things that are here:
a +0 short sword; 3 stones; a kobold corpse
Things that are here:
a +0 club; a +0 short sword Terence the Incautious comes into view.
He is wielding a +0 mace.
Terence shouts!
Terence is nearby!
A frilled lizard comes into view.
You reach to attack!
The frilled lizard hisses angrily.
You hit Terence.
Terence is moderately wounded.
You barely miss Terence. Your peck misses Terence.
Terence is moderately wounded.
Terence barely misses you.
You hit Terence but do no damage. Your kick misses Terence.
Terence is moderately wounded.
Terence hits you with a +0 mace!
You hit Terence but do no damage. Your kick misses Terence.
Terence is moderately wounded.
Terence bares his teeth.
Terence barely misses you.
You hit Terence.
Terence is heavily wounded.
Terence hits you with a +0 mace!
* * * LOW HITPOINT WARNING * * *
You are too injured to fight recklessly!
You are confused.
You feel invigorated. Terence hits you with a +0 mace.
* * * LOW HITPOINT WARNING * * *
You hit Terence. You claw Terence, but do no damage.
Terence is severely wounded.
Terence hits you with a +0 mace!
* * * LOW HITPOINT WARNING * * *
You bump into the rock wall.
Terence hits you with a +0 mace.
* * * LOW HITPOINT WARNING * * *
You bump into the rock wall.
Terence hits you with a +0 mace!
You die...

## #. ####. ###.
#.... .... ...... ...
##.... # ##.# ##
#....
.####...####..##..
#.... ....
#...@@l....# #....
###..###..####...#
#....
......#........# .
#.... #...####...#
#.... ##.## ##.#
#.... ###...###
...###
####.##.##.########
## #..
#..#.......#..#.#.#
#..
....#..8..#....#.####
#..


You could see Terence and a frilled lizard.

Vanquished Creatures
  An adder (D:2)
  A dart slug (D:1)
  7 bats (D:1)
  An endoplasm (D:1)
  2 giant cockroaches
  5 goblins
  3 hobgoblins (D:1)
  4 kobolds
  2 quokkas
  4 ball pythons
  3 frilled lizards (D:1)
  3 rats (D:1)
36 creatures vanquished.

Notes
Turn   | Place    | Note
-------+----------+-------------------------------------------
     0 | D:1      | Aneyh the Tengu Monk began the quest for the Orb.
     0 | D:1      | Reached XP level 1. HP: 14/14 MP: 2/2
   185 | D:1      | Reached XP level 2. HP: 19/19 MP: 3/3
   426 | D:1      | Reached skill level 4 in Fighting
   539 | D:1      | Reached XP level 3. HP: 24/24 MP: 4/4
  1105 | D:2      | Noticed Terence
  1116 | D:2      | Slain by Terence

Illustrated notes

Levels and vault maps discovered:
D:1:      dpeg_arrival_subterranean_lakeside_camping, layout_loops_ring,
          bh_walls_and_bars
D:2:      wad_crossroads, layout_rooms, basic_altar, hangedman_decor_lopped,
          uniq_terence, uniq_jessica

Skill      XL: |  1  2 |
---------------+-------+-----
Fighting       | 4 |  4.6
Polearms       | |  3.2
Dodging        | |  3.2
Stealth        | |  2.0

Action                     || total
---------------------------++-------
  Melee: Spear             ||    90
         Peck              ||     5
         Kick              ||    11
  Throw: Dart              ||     1
    Use: Potion            ||     1
   Stab: Sleeping          ||    12
 Armour: Robe              ||    12
  Dodge: Dodged            ||    32

Table legend: (Time is in decaauts)
 A = Elapsed time spent in this place.
 B = Non-inter-level travel time spent in this place.
 C = Inter-level travel time spent in this place.
 D = Time resting spent in this place.
 E = Time spent auto-exploring this place.
 F = Levels seen in this place.
 G = Mean time per level.
                   A        B        C        D        E       F      G
               +--------+--------+--------+--------+--------+-----+--------+
         Total |   1112 |   1014 |     98 |     13 |    794 |   2 |  556.0 |
       Dungeon |   1112 |   1014 |     98 |     13 |    794 |   2 |  556.0 |
               +--------+--------+--------+--------+--------+-----+--------+

Top non-repeatable levels by time:
     D:1: 948 daAuts
     D:2: 164 daAuts
